 Dungeon Crawl Stone Soup version 0.21-a0-538-gd16b88a (webtiles) character file.

28 tidbits the Digger (level 3, -1/25 HPs)
             Began as a Gnoll Earth Elementalist on Dec 16, 2017.
             Slain by Duvessa
             ... wielding a +0 rapier
              (6 damage)
             ... on level 4 of the Dungeon.
             The game lasted 00:03:53 (351 turns).

tidbits the Digger (Gnoll Earth Elementalist)        Turns: 351, Time: 00:03:54

Health: -1/25      AC:  3    Str:  7    XL:     3   Next: 14%
Magic:  7/18       EV: 14    Int: 18    God:
Gold:   34         SH:  0    Dex: 15    Spells: 9/12 levels left

rFire    . . .     SeeInvis .   n - +0 rapier
rCold    . . .     Gourm    .   (no shield)
rNeg     . . .     Faith    .   c - +0 robe
rPois    .         Spirit   .   (no helmet)
rElec    .         Reflect  .   C - +0 cloak (curse)
rCorr    .         Harm     .   (no gloves)
MR       .....                  (no boots)
Stlth    +.........             (no amulet)
HPRegen  0.08/turn              l - ring of magical power
MPRegen  0.16/turn              r - -3 ring of strength (curse)

@: glowing
A: distributed training, fangs 1, strong nose
a: no special abilities


You were on level 4 of the Dungeon.
You were not hungry.

You visited 1 branch of the dungeon, and saw 4 of its levels.

You collected 34 gold pieces.

Inventory:

Hand Weapons
 m - a +0 short sword
 n - a +0 rapier (weapon)
 p - a +0 war axe
Missiles
 b - 26 stones (quivered)
 g - 10 curare-tipped needles
 k - 46 sling bullets
 s - 27 arrows
Armour
 c - a +0 robe (worn)
 q - a +0 ring mail
 C - a cursed +0 cloak (worn)
Jewellery
 l - a ring of magical power (left hand)
   (You took it off a hobgoblin on level 3 of the Dungeon)
 r - a cursed -3 ring of strength (right hand)
   (You found it on level 3 of the Dungeon)
Scrolls
 a - a scroll of magic mapping {unknown}
 f - a scroll of remove curse {unknown}
 h - a scroll of blinking {unknown}
 i - a scroll of identify {unknown}
 o - a scroll of enchant weapon {unknown}
Potions
 j - 2 potions of curing
Books
 e - a book of Geomancy

   Spells                             Type                      Level
   a - Sandblast                      Earth                        1
   b - Passwall                       Transmutation/Earth          2
   c - Stone Arrow                    Conjuration/Earth            3
   d - Petrify                        Transmutation/Earth          4
   e - Lee's Rapid Deconstruction     Earth                        5
Comestibles
 d - 2 bread rations


   Skills:
 + Level 0.6 Fighting
 + Level 0.6 Short Blades
 + Level 0.6 Long Blades
 + Level 0.6 Axes
 + Level 0.6 Maces & Flails
 + Level 0.6 Polearms
 + Level 0.6 Staves
 + Level 0.6 Slings
 + Level 0.6 Bows
 + Level 0.6 Crossbows
 + Level 0.6 Throwing
 + Level 0.6 Armour
 + Level 4.5 Dodging
 + Level 4.1 Stealth
 + Level 0.6 Shields
 + Level 0.6 Unarmed Combat
 + Level 5.0 Spellcasting
 + Level 0.4 Conjurations
 + Level 0.4 Hexes
 + Level 0.4 Charms
 + Level 0.4 Summonings
 + Level 0.4 Necromancy
 + Level 0.4 Translocations
 + Level 2.1 Transmutations
 + Level 0.4 Fire Magic
 + Level 0.4 Ice Magic
 + Level 0.4 Air Magic
 + Level 5.4 Earth Magic
 + Level 0.4 Poison Magic
 + Level 0.8 Invocations
 + Level 0.6 Evocations


You had 9 spell levels left.
You knew the following spells:

 Your Spells              Type           Power        Failure   Level  Hunger
a - Sandblast             Erth           ###...       1%          1    None
w - Passwall              Tmut/Erth      ###.......   4%          2    #......


Dungeon Overview and Level Annotations

Branches:
Dungeon (4/15)
 Temple: D:4-7

Altars:
Yredelemnul

Annotations:
D:4 Dowan, Duvessa


Innate Abilities, Weirdness & Mutations

Your experience applies equally to all skills.
You have very sharp teeth.
Your uncanny sense of smell can sniff out nearby items.


Message History

You feel weaker.
Oops, that ring feels deathly cold.
r - a cursed -3 ring of strength (right hand)
Okay, then.
There is a stone staircase leading down here.
You climb downwards.
There is a stone staircase leading up here.
Duvessa and Dowan come into view.
Duvessa shouts!
Dowan shouts!
Casting: Sandblast
Confirm with . or Enter, or press ? or * to list all spells.
Aiming: Sandblast
Press: ? - help, Shift-Dir - straight line, f - Duvessa
Aim: Duvessa, wielding a rapier and wearing a scale mail The blast of sand hits Duvessa.
Duvessa is moderately wounded.
b - 34 stones
Casting: Sandblast
Confirm with . or Enter, or press ? or * to list all spells.
Aiming: Sandblast
Press: ? - help, Shift-Dir - straight line, f/p - Duvessa
Aim: Duvessa, wielding a rapier and wearing a scale mail (moderately wounded)
The blast of sand hits Duvessa.
Duvessa is moderately wounded.
b - 33 stones
Casting: Sandblast
Confirm with . or Enter, or press ? or * to list all spells.
Aiming: Sandblast
Press: ? - help, Shift-Dir - straight line, f - Dowan, p - Duvessa
Aim: Dowan, wielding a dagger and wearing a robe The blast of sand hits Duvessa.
Duvessa is moderately wounded.
b - 32 stones Duvessa hits you with a rapier.
Casting: Sandblast
Confirm with . or Enter, or press ? or * to list all spells.
Aiming: Sandblast
Press: ? - help, Shift-Dir - straight line, f - Duvessa, p - Dowan
Aim: Duvessa, wielding a rapier and wearing a scale mail (moderately wounded)
The blast of sand hits Duvessa.
Duvessa is severely wounded.
b - 31 stones Dowan closely misses you.
Duvessa hits you with a rapier.
Casting: Sandblast
Confirm with . or Enter, or press ? or * to list all spells.
Aiming: Sandblast
Press: ? - help, Shift-Dir - straight line, f/p - Duvessa
Aim: Duvessa, wielding a rapier and wearing a scale mail (severely wounded)
The blast of sand hits Duvessa.
Duvessa is severely wounded.
b - 30 stones Dowan points at you and mumbles some strange words.
The puff of frost hits you!
* * * LOW HITPOINT WARNING * * *
Duvessa completely misses you.
Casting: Sandblast
Confirm with . or Enter, or press ? or * to list all spells.
Aiming: Sandblast
Press: ? - help, Shift-Dir - straight line, f/p - Duvessa
Aim: Duvessa, wielding a rapier and wearing a scale mail (severely wounded)
The blast of sand hits Duvessa.
Duvessa is severely wounded.
b - 29 stones Dowan casts a spell at you.
You are outlined in light.
Duvessa misses you.
Casting: Sandblast
Confirm with . or Enter, or press ? or * to list all spells.
Aiming: Sandblast
Press: ? - help, Shift-Dir - straight line, f/p - Duvessa
Aim: Duvessa, wielding a rapier and wearing a scale mail (severely wounded)
The blast of sand hits Duvessa.
Duvessa is severely wounded.
b - 28 stones Dowan hits you but does no damage.
Duvessa hits you with a rapier.
* * * LOW HITPOINT WARNING * * *
Casting: Sandblast
Confirm with . or Enter, or press ? or * to list all spells.
Aiming: Sandblast
Press: ? - help, Shift-Dir - straight line, f/p - Duvessa
Aim: Duvessa, wielding a rapier and wearing a scale mail (severely wounded)
The blast of sand hits Duvessa.
Duvessa is severely wounded.
b - 27 stones Dowan hits you but does no damage.
Duvessa hits you with a rapier.
* * * LOW HITPOINT WARNING * * *
Casting: Sandblast
Confirm with . or Enter, or press ? or * to list all spells.
Aiming: Sandblast
Press: ? - help, Shift-Dir - straight line, f/p - Duvessa
Aim: Duvessa, wielding a rapier and wearing a scale mail (severely wounded)
The blast of sand hits Duvessa.
Duvessa is severely wounded.
b - 26 stones Dowan hits you with a dagger.
* * * LOW HITPOINT WARNING * * *
Duvessa barely misses you.
It was a potion of curing.
You feel better. Dowan hits you with a dagger.
* * * LOW HITPOINT WARNING * * *
Duvessa hits you with a rapier.
You die...

.# . .. ### ##.# .#..
..## #..## .... #..#
##...# #.. ...##
##....## #.# .
....###......####.# ..#
##...#<...........###..#
##..............e....##
##............@e.....#
#.............##.....#
#..#..####.....# ...#..#
..####.. ##...## #..# ..
.# ##.# #...# ..# . . ..
##..# #.# #.# #.## ..
#.# ... ...


You could see Duvessa and Dowan.

Vanquished Creatures
  An adder (D:2)
  A worm (D:2)
  A dart slug (D:1)
  A bat (D:2)
  A goblin (D:3)
  3 hobgoblins (D:3)
  A kobold (D:3)
  A quokka (D:3)
  A frilled lizard (D:3)
  4 rats
15 creatures vanquished.

Notes
Turn   | Place    | Note
-------+----------+-------------------------------------------
     0 | D:1      | tidbits the Gnoll Earth Elementalist began the quest for the Orb.
     0 | D:1      | Reached XP level 1. HP: 13/13 MP: 6/6
   127 | D:3      | Reached skill level 2 in Transmutations
   149 | D:3      | Found a basalt altar of Yredelemnul.
   195 | D:3      | Reached XP level 2. HP: 19/19 MP: 5/7
   199 | D:3      | Learned a level 2 spell: Passwall
   261 | D:3      | Reached XP level 3. HP: 25/25 MP: 4/9
   280 | D:3      | Reached skill level 5 in Spellcasting
   339 | D:4      | Noticed Duvessa
   339 | D:4      | Noticed Dowan
   349 | D:4      | HP: 2/25 [Duvessa/rapier (5)]
   351 | D:4      | Slain by Duvessa

Vault maps used:
D:1:      sevenhm_arrival_forest_fort_large_2
D:2:      marbit_many_paths
D:3:      yredelemnul_altar_generic, lemuel_doored_altar, first_bread
D:4:      minmay_misc_feat_pillars, minmay_liquid_box, minivault_5, uniq_pikel,
          uniq_natasha, uniq_duvessa

Skill      XL: |  1  2  3 |
---------------+----------+-----
Transmutations | 2 |  2.1
Spellcasting   | 5 |  5.0
Fighting       | |  0.6
Short Blades   | |  0.6
Long Blades    | |  0.6
Axes           | |  0.6
Maces & Flails | |  0.6
Polearms       | |  0.6
Staves         | |  0.6
Slings         | |  0.6
Bows           | |  0.6
Crossbows      | |  0.6
Throwing       | |  0.6
Armour         | |  0.6
Dodging        | |  4.5
Stealth        | |  4.1
Shields        | |  0.6
Unarmed Combat | |  0.6
Conjurations   | |  0.4
Hexes          | |  0.4
Charms         | |  0.4
Summonings     | |  0.4
Necromancy     | |  0.4
Translocations | |  0.4
Fire Magic     | |  0.4
Ice Magic      | |  0.4
Air Magic      | |  0.4
Earth Magic    | |  5.4
Poison Magic   | |  0.4
Invocations    | |  0.8
Evocations     | |  0.6

Action                   || total
-------------------------++-------
Melee: Rapier            ||     5
 Cast: Sandblast         ||    28
  Use: Potion            ||     1
Armor: Robe              ||     5
Dodge: Dodged            ||    15

Table legend:
 A = Spawn XP
 B = Non-spawn XP
 C = Spawn XP percentage of total XP
 D = Spawn monster count
 E = Non-spawn monster count
 F = Spawn count percentage of total count
 G = Total turns spent on level
                    A         B        C        D         E        F      G
               +---------+---------+-------+---------+---------+-------+---------
         Total |       0 |      41 |   0.0 |       0 |      15 |   0.0 |   351
               +---------+---------+-------+---------+---------+-------+---------
           D:1 |       0 |       5 |   0.0 |       0 |       2 |   0.0 |    67
           D:2 |       0 |      21 |   0.0 |       0 |       4 |   0.0 |    53
           D:3 |       0 |      15 |   0.0 |       0 |       9 |   0.0 |   189
               +---------+---------+-------+---------+---------+-------+---------

Table legend:
 A = Turns spent in this place as a percentage of turns spent in the entire game.
 B = Non-inter-level travel turns spent in this place as a percentage of non-inter-level travel turns spent in the entire game.
 C = Inter-level travel turns spent in this place as a percentage of turns spent in this place.
 D = Turns resting spent in this place as a percentage of non-inter-level travel turns spent in this place.
 E = Turns spent auto-exploring this place as a percentage of non-inter-level travel turns spent in this place.
 F = Non-inter-level travel turns spent in this place divided by the number of levels of this place that you've seen.
                   A       B       C       D       E      F
               +-------+-------+-------+-------+-------+----------------------
         Total | 100.0 | 100.0 |   0.0 |   0.0 |   0.0 |  87.8
       Dungeon | 100.0 | 100.0 |   0.0 |   0.0 |   0.0 |  87.8
               +-------+-------+-------+-------+-------+----------------------

Table legend:
 A = Kills in this place as a percentage of kills in entire the game.
 B = Kills by you in this place as a percentage of kills by you in the entire game.
 C = Kills by friends in this place as a percentage of kills by friends in the entire game.
 D = Other kills in this place as a percentage of other kills in the entire game.
 E = Experience gained in this place as a percentage of experience gained in the entire game.
 F = Experience gained in this place divided by the number of levels of this place that you have seen.
                   A       B       C       D       E      F
               +-------+-------+-------+-------+-------+----------------------
         Total | 100.0 | 100.0 |   N/A |   N/A | 100.0 |  10.2
       Dungeon | 100.0 | 100.0 |   N/A |   N/A | 100.0 |  10.2
               +-------+-------+-------+-------+-------+----------------------

Vault maps used:
D:1:      sevenhm_arrival_forest_fort_large_2
D:2:      marbit_many_paths
D:3:      yredelemnul_altar_generic, lemuel_doored_altar, first_bread
D:4:      minmay_misc_feat_pillars, minmay_liquid_box, minivault_5, uniq_pikel,
          uniq_natasha, uniq_duvessa
